 Dungeon Crawl Stone Soup version 0.28.0-43-g3370ac3207 (webtiles) character file.

Game seed: 9456217626824579258

7 cmymind4 the Ogre Mage (level 2, -2/24 HPs)
             Began as an Ogre Hedge Wizard on Mar 26, 2022.
             Slain by a kobold
             ... wielding a +0 short sword
              (4 damage)
             ... on level 1 of the Dungeon.
             The game lasted 00:04:58 (383 turns).

cmymind4 the Ogre Mage (Ogre Hedge Wizard)           Turns: 383, Time: 00:04:59

Health: -2/24      AC:  3    Str: 13    XL:     2   Next: 0%
Magic:  1/6        EV:  9    Int: 15    God:
Gold:   25         SH:  0    Dex:  8    Spells: 7/8 levels left

rFire   . . .      SeeInvis .   a - +0 dagger
rCold   . . .      Faith    .   (no shield)
rNeg    . . .      Spirit   .   b - +0 robe
rPois   .          Reflect  .   c - +0 hat
rElec   .          Harm     .   (no cloak)
rCorr   .          Rampage  .   (gloves unavailable)
Will    .....                   (boots unavailable)
Stlth   +.........              (no amulet)
HPRegen 0.08/turn               (no ring)
MPRegen 0.10/turn               (no ring)

@: no status effects
A: large, unfitting armour, tough skin 1
a: no special abilities


You were on level 1 of the Dungeon.
You visited 1 branch of the dungeon, and saw 1 of its levels.

You collected 25 gold pieces.

Inventory:

Hand Weapons
 a - a +0 dagger (weapon)
Armour
 b - a +0 robe (worn)
 c - a +0 hat (worn)
Magical Staves
 d - a staff of cold
Scrolls
 e - a scroll of torment


   Skills:
 + Level 0.1 Short Blades
 + Level 1.9 Dodging
 + Level 1.5 Stealth
 + Level 3.9 Spellcasting
 + Level 0.8 Conjurations
 + Level 0.8 Summonings
 + Level 0.8 Translocations


You had 7 spell levels left.
You knew the following spells:

 Your Spells              Type           Power      Damage    Failure   Level
a - Magic Dart            Conj           20%        1d4       13%         1

Your spell library contained the following spells:

 Spells                   Type           Power      Damage    Failure   Level
 Slow                     Hex            8%         N/A       19%         1
 Blink                    Tloc           10%        N/A       19%         2
 Call Imp                 Summ           5%         N/A       19%         2
 Conjure Flame            Conj/Fire      4%         6-21      43%         3
 Mephitic Cloud           Conj/Pois/Air  3%         N/A       43%         3


Dungeon Overview and Level Annotations

Branches:
Dungeon (1/15)

Altars:


Innate Abilities, Weirdness & Mutations

You are too large for most types of armour.
You have tough skin. (AC +1)


Message History

The hobgoblin hits you but does no damage.
The kobold closely misses you. The kobold is attracted toward you.
The kobold barely misses you.
Casting: Magic Dart (safe; 13% risk of failure)
Confirm with . or Enter, or press ? or * to list all spells.
Aiming: Magic Dart (safe; 13% risk of failure)
Press: ? - help, Shift-Dir - straight line, f/p - hobgoblin
Aim: a hobgoblin (moderately wounded, 100% to hit)
The magic dart hits the hobgoblin.
You kill the hobgoblin!
You have reached level 2!
You feel less attractive to monsters.
Casting: Magic Dart (safe; 13% risk of failure)
Confirm with . or Enter, or press ? or * to list all spells.
Aiming: Magic Dart (safe; 13% risk of failure)
Press: ? - help, Shift-Dir - straight line, f - kobold
Aim: a kobold, wielding a +0 short sword (moderately wounded, 100% to hit)
The magic dart hits the kobold.
The kobold is heavily wounded.
The kobold closely misses you.
Casting: Magic Dart (safe; 13% risk of failure)
Confirm with . or Enter, or press ? or * to list all spells.
Aiming: Magic Dart (safe; 13% risk of failure)
Press: ? - help, Shift-Dir - straight line, f/p - kobold
Aim: a kobold, wielding a +0 short sword (heavily wounded, 100% to hit)
The magic dart hits the kobold.
The kobold is severely wounded.
The kobold barely misses you.
You closely miss the kobold.
The kobold is severely wounded.
The kobold barely misses you.
You hit the kobold but do no damage.
The kobold is severely wounded.
The kobold hits you with a +0 short sword.
* * * LOW HITPOINT WARNING * * *
You closely miss the kobold.
The kobold is severely wounded.
The kobold hits you with a +0 short sword.
You die...

##### #...................# #...#
#...................# #...#
#...................# # #...#
#...................#
######...####..............).####
.................#+#.........#
######...#######.#.##........#
##............##K#.#.........##
..............+.@...............
..............##.#.#.#..#.##.####
..........######...#....#.##.#. .
............# #........#.##.#.##
..######....# ##........#.##.#...
..# #............###.#.##.##..
..# #..................#......
..# #........##....#.#.#..##..
..# #........ #....#.###..####


You could see a kobold.

Vanquished Creatures
  An endoplasm (D:1)
  A giant cockroach (D:1)
  A hobgoblin (D:1)
  2 kobolds (D:1)
  2 rats (D:1)
7 creatures vanquished.

Notes
Turn   | Place    | Note
-------+----------+-------------------------------------------
     0 | D:1      | cmymind4 the Ogre Hedge Wizard began the quest for the Orb.
     0 | D:1      | Reached XP level 1. HP: 16/16 MP: 5/5
   377 | D:1      | Reached XP level 2. HP: 4/24 MP: 2/6
   383 | D:1      | Slain by a kobold

Illustrated notes

Levels and vault maps discovered:
D:1:      kilobyte_arrival_exit_the_forest, layout_basic

Action                   || total
-------------------------++-------
Melee: Dagger            ||    23
 Cast: Magic Dart        ||    14
  Use: Scroll            ||     2
       Potion            ||     1
Armor: Robe              ||     7
Dodge: Dodged            ||    21
